 Dungeon Crawl Stone Soup version 0.27-a0-1196-g3e9cee4cb2 (webtiles) character file.

Game seed: 17590437794908892978

120 pilgrim the Shooter (level 4, -1/27 HPs)
             Began as a Deep Elf Hunter on May 28, 2021.
             Killed from afar by Sigmund (11 damage)
             ... with a puff of flame
             ... on level 3 of the Dungeon.
             The game lasted 00:03:55 (1807 turns).

pilgrim the Shooter (Deep Elf Hunter)               Turns: 1807, Time: 00:03:55

Health: -1/27      AC:  4    Str: 10    XL:     4   Next: 75%
Magic:  6/6        EV: 13    Int: 16    God:
Gold:   68         SH:  0    Dex: 15    Spells: 3/3 levels left

rFire    . . .     SeeInvis .   a - +1 shortbow
rCold    . . .     Faith    .   (shield currently unavailable)
rNeg     . . .     Spirit   .   c - +2 robe {Will+}
rPois    .         Reflect  .   (no helmet)
rElec    .         Harm     .   (no cloak)
rCorr    .         Rampage  .   (no gloves)
Will     +....                  (no boots)
Stlth    ++........             (no amulet)
HPRegen  0.09/turn              (no ring)
MPRegen  0.10/turn              (no ring)

@: no status effects
A: no striking features
a: no special abilities


You were on level 3 of the Dungeon.
You visited 1 branch of the dungeon, and saw 3 of its levels.

You collected 68 gold pieces.

Inventory:

Hand Weapons
 a - a +1 shortbow (weapon)
 b - a +0 short sword
Missiles
 d - 38 arrows (quivered ammo)
Armour
 c - a +2 robe of willpower (worn)
Scrolls
 f - a scroll of blinking {unknown}
 g - a scroll of identify {unknown}
 h - a scroll of torment {unknown}
 l - a scroll of magic mapping {unknown}
Potions
 e - a potion of curing {unknown}
 i - a potion of berserk rage {unknown}
 j - a potion of heal wounds {unknown}
 k - a potion of brilliance {unknown}
 m - a potion of lignification {unknown}


   Skills:
 + Level 2.5 Fighting
 + Level 6.2 Bows
 - Level 3.2 Dodging
 + Level 3.3 Stealth


You had 3 spell levels left.
You didn't know any spells.
Your spell library was empty.

Dungeon Overview and Level Annotations

Branches:
Dungeon (3/15)

Altars:

Annotations:
D:3 Sigmund


Message History

You shoot an arrow. The arrow closely misses the adder.
You shoot an arrow. The arrow hits the adder!
The adder is severely wounded.
The adder closely misses you. The adder barely misses you.
You shoot an arrow. The arrow hits the adder!
You kill the adder!
You shoot an arrow. The arrow hits the endoplasm!
You kill the endoplasm!
d - 37 arrows (gained 3)
You see here an adder corpse.
d - 38 arrows (gained 1)
Found 19 sling bullets.
d - 39 arrows (gained 1)
d - 40 arrows (gained 1)
d - 41 arrows (gained 1) Sigmund the Dreaded comes into view.
He is wielding a +0 scythe and carrying a wand of flame (9).
Sigmund is nearby!
You shoot an arrow. The arrow hits Sigmund!
Sigmund shouts!
Sigmund is moderately wounded.
Sigmund zaps a wand.
The puff of flame hits you!
You are too injured to fight recklessly!
You are too injured to fight recklessly!
You are too injured to fight recklessly!
You are too injured to fight recklessly!
You are too injured to fight recklessly!
Fire: 40 arrows
Press: ? - help, Q - select action Shift-Dir - straight line, f/p - Sigmund
Aim: Sigmund, wielding a +0 scythe, wearing a +0 robe and carrying a wand of flame (8) (moderately wounded, 61% to hit)
You shoot an arrow. The arrow barely misses Sigmund.
Sigmund points at you and mumbles some strange words.
The magic dart hits you!
Fire: 39 arrows
Press: ? - help, Q - select action Shift-Dir - straight line, f/p - Sigmund
Aim: Sigmund, wielding a +0 scythe, wearing a +0 robe and carrying a wand of flame (8) (moderately wounded, 61% to hit)
You shoot an arrow.
The arrow hits Sigmund but does no damage.
Sigmund is moderately wounded.
Sigmund zaps a wand.
The puff of flame hits you!
You die...

###.........### #.#...
#.###.....# #... #.
#....## ####.## #.
#.#..# #.....#####
#>###.#..####......(....
....##....#.###.######
###........# .#
#....†...# .# #.......@#
.# #........# .#
...........# .#
..............
#####..........
#....#.(....
............ .@.###.....


You could see Sigmund.

Vanquished Creatures
  Terence (D:2)
  5 adders
  A worm (D:2)
  2 dart slugs (D:1)
  6 ball pythons
  4 bats
  4 endoplasms
  2 giant cockroaches
  5 hobgoblins
  4 kobolds
  A quokka (D:2)
  2 goblins (D:1)
  5 rats
42 creatures vanquished.

Notes
Turn   | Place    | Note
-------+----------+-------------------------------------------
     0 | D:1      | pilgrim the Deep Elf Hunter began the quest for the Orb.
     0 | D:1      | Reached XP level 1. HP: 12/12 MP: 3/3
   280 | D:1      | Found a faded altar of an unknown god.
   311 | D:1      | Reached XP level 2. HP: 17/17 MP: 4/4
   919 | D:2      | Reached XP level 3. HP: 21/21 MP: 5/5
  1110 | D:2      | Noticed Terence
  1259 | D:2      | Reached XP level 4. HP: 26/26 MP: 6/6
  1468 | D:2      | Killed Terence
  1469 | D:2      | Reached skill level 6 in Bows
  1804 | D:3      | Noticed Sigmund
  1807 | D:3      | Killed from afar by Sigmund

Illustrated notes

Levels and vault maps discovered:
D:1:      wander_arrival_estate, layout_basic,
          hellmonk_ecumenical_altar_leap_of_faith, grunt_decor_mini_mirrors,
          grunt_decor_junction
D:2:      layout_basic, supply_closet_lemuel, uniq_terence
D:3:      layout_rooms, nicolae_uskayaw_suspiria, nemelex_diamond_rough_becter,
          st_stairs_10, corner_web_ring, uniq_grinder, uniq_sigmund

Skill      XL: |  1  2  3  4 |
---------------+-------------+-----
Stealth        | 2 3 |  3.3
Dodging        | 3 |  3.2
Fighting       | 2 |  2.5
Bows           | 6 |  6.2

Action                   |  1- 3 |  4- 6 || total
-------------------------+-------+-------++-------
 Fire: Shortbow          |    83 |    23 ||   106
Armor: Leather armour    |     5 |       ||     5
       Robe              |       |     1 ||     1
Dodge: Dodged            |     4 |     7 ||    11

Table legend: (Time is in decaauts)
 A = Elapsed time spent in this place.
 B = Non-inter-level travel time spent in this place.
 C = Inter-level travel time spent in this place.
 D = Time resting spent in this place.
 E = Time spent auto-exploring this place.
 F = Levels seen in this place.
 G = Mean time per level.
                   A        B        C        D        E       F      G
               +--------+--------+--------+--------+--------+-----+--------+
         Total |   1809 |   1760 |     49 |      0 |   1546 |   3 |  603.0 |
       Dungeon |   1809 |   1760 |     49 |      0 |   1546 |   3 |  603.0 |
               +--------+--------+--------+--------+--------+-----+--------+

Top non-repeatable levels by time:
     D:1: 899 daAuts
     D:2: 843 daAuts
     D:3: 66 daAuts
